 Dungeon Crawl Stone Soup version 0.19.3-4-gbf9329e (webtiles) character file.

2531 Naow the Thaumaturge (level 9, -1/45 HPs)
             Began as a Deep Elf Conjurer on Jan 28, 2017.
             Was a Believer of Vehumet.
             Slain by a killer bee (10 damage)
             ... on level 7 of the Dungeon.
             The game lasted 00:14:46 (8995 turns).

Naow the Thaumaturge (Deep Elf Conjurer)            Turns: 8995, Time: 00:14:47

Health: -1/45      AC:  5    Str:  5    XL:     9   Next: 30%
Magic:  4/24       EV: 13    Int: 24    God:    Vehumet [**....]
Gold:   323        SH:  0    Dex: 15    Spells: 5 memorised, 10 levels left

rFire  + . .     SeeInvis .     e - +0 dagger
rCold  x . .     Gourm    +     a - +0 robe
rNeg   + . .     Faith    .     (no shield)
rPois  .         Spirit   .     (no helmet)
rElec  .         Reflect  .     t - +1 cloak
rCorr  .         Harm     .     y - +0 pair of gloves
MR     .....                    (no boots)
Stlth  ++........               l - amulet of the gourmand
                                D - ring of positive energy (curse)
                                q - ring of fire

@: lethally poisoned (-1 -> -5), very slightly contaminated
A: no striking features
a: Renounce Religion


You were on level 7 of the Dungeon.
You worshipped Vehumet.
Vehumet was pleased with you.
You were completely stuffed.

You visited 2 branches of the dungeon, and saw 9 of its levels.

You collected 323 gold pieces.

Inventory:

Hand Weapons
 e - a +0 dagger (weapon)
 w - a +2 short sword of draining
Armour
 a - a +0 robe (worn)
 s - a +0 buckler
 t - a +1 cloak (worn)
 y - a +0 pair of gloves (worn)
Jewellery
 l - an amulet of the gourmand (around neck)
 q - a ring of fire (left hand)
 D - a cursed ring of positive energy (right hand)
Scrolls
 f - 3 scrolls of identify
 i - 2 scrolls of recharging {unknown}
 k - a scroll of random uselessness {unknown}
 r - a scroll of noise {unknown}
 u - 2 scrolls of blinking
 v - 2 scrolls of teleportation
 x - 2 scrolls of remove curse
 B - a scroll of amnesia {unknown}
 I - a scroll of enchant armour
Potions
 j - 2 potions of might
 m - a potion of mutation {unknown}
 n - 5 potions of heal wounds {unknown}
 o - 3 potions of ambrosia {unknown}
 p - 2 potions of curing {unknown}
 A - a potion of degeneration {unknown}
 G - a potion of berserk rage {unknown}
 H - a potion of brilliance {unknown}
Books
 b - a book of Conjurations

   Spells                             Type                      Level
   a - Magic Dart                     Conjuration                  1
   b - Searing Ray                    Conjuration                  2
   c - Dazzling Spray                 Conjuration/Hexes            3
   d - Fulminant Prism                Conjuration/Hexes            4
   e - Iskenderun's Mystic Blast      Conjuration                  4
   f - Iskenderun's Battlesphere      Conjuration/Charms           5
 E - a book of Changes

   Spells                             Type                      Level
   a - Beastly Appendage              Transmutation                1
   b - Sticks to Snakes               Transmutation                2
   c - Spider Form                    Transmutation/Poison         3
   d - Ice Form                       Ice/Transmutation            4
   e - Blade Hands                    Transmutation                5
Comestibles
 c - 4 bread rations
 d - 5 meat rations
 g - 2 beef jerkies
 h - 2 slices of pizza
 z - 3 fruits
 C - a royal jelly


   Skills:
 - Level 2.4 Dodging
 - Level 2.4 Stealth
 + Level 4.4 Shields
 + Level 9.2 Spellcasting
 + Level 9.2 Conjurations
 + Level 7.6 Charms


You had 10 spell levels left.
You knew the following spells:

 Your Spells              Type           Power        Failure   Level  Hunger
a - Magic Dart            Conj           ####         1%          1    None
b - Searing Ray           Conj           ######       1%          2    None
c - Iskenderun's Battles  Conj/Chrm      ######..     6%          5    ####...
d - Iskenderun's Mystic   Conj           ######..     1%          4    ##.....
e - Fulminant Prism       Conj/Hex       ####......   12%         4    ##.....


Dungeon Overview and Level Annotations

Branches:
Dungeon (8/15)             Temple (1/1) D:5
   Lair: D:8-11

Altars:
Ashenzari
Cheibriados
Dithmenos
Elyvilon
Fedhas
Gozag
Makhleb
Nemelex Xobeh
Okawaru
Qazlal
Ru
Sif Muna
Vehumet
Xom
Yredelemnul

Shops:
D:6 *


Message History

Press: ? - help, Shift-Dir - straight line, f - killer bee
Aim: a killer bee (berserk, fast, unusually strong)
The orb of energy hits the killer bee.
The killer bee is heavily wounded.
The orb of energy explodes!
The mystic blast hits the adder.
You kill the adder!
Vehumet accepts your kill.
You feel your power returning.
You feel sick. The killer bee stings you. x2
The killer bee barely misses you.
Casting: Iskenderun's Mystic Blast
Confirm with . or Enter, or press ? or * to list all spells.
Aiming: Iskenderun's Mystic Blast
Press: ? - help, Shift-Dir - straight line, f/p - killer bee
Aim: a killer bee (heavily wounded, berserk, fast, unusually strong)
You miscast Iskenderun's Mystic Blast.
You are very lightly contaminated with residual magic.
Nothing appears to happen.
You feel sick. The killer bee stings you!
* * * LOW HITPOINT WARNING * * *
The killer bee stings you!
You die...

.#.# #.##.###..#.#.#.#
.#.###.........#.#.#.########
.#.#.........#.#.#.#.#......###
.#.#.........#.#.#.#<#.##.....#
.#.#.........#...#.#....#.#.#.#
##.#.........##..#.#.#..#.#.#.#
#.#.........##..#.#.#..#.#.#.#
#.######.###..†.#.#.#....#.#.#
#.######.###..y@#.#.##.###.#.#
#......#.#.................#.#
#######.#.#.#...##.#.#.######.#
....# #.#.#.#.................#
....# #.#.#.#.########.########
....# #.#.#.#.##.....#.# ....#
#.#.#.#.##.###.#.# ....#
#.#.#.#....# #.#.#
....###.#.#[########.#.#


You could see a killer bee (berserk).

Vanquished Creatures
  A queen bee (D:7)
  Grinder (D:6)
  Duvessa (D:4)
  A centaur (D:7)
  3 ogres
  2 phantoms
  Blork the orc (D:6)
  3 bullfrogs (D:6)
  Dowan (D:4)
  3 killer bees
  2 crimson imps
  A quasit (D:7)
  A hound (D:7)
  A bullfrog skeleton (D:5)
  3 orc priests
  3 jellies
  Crazy Yiuf (D:4)
  Jessica (D:2)
  2 centaur skeletons
  4 iguanas
  6 worker ants
  2 hound skeletons
  11 adders
  7 gnolls
  3 shadow imps
  4 oozes
  An adder zombie (D:6)
  An adder skeleton (D:4)
  2 worms
  4 dart slugs
  2 leopard geckos
  24 orcs
  7 giant cockroaches
  7 goblins
  5 hobgoblins
  13 jackals
  4 quokkas
  6 bats
  11 frilled lizards
  A hobgoblin zombie (D:6)
  5 kobolds
  2 leopard gecko skeletons
  2 rats
166 creatures vanquished.

Notes
Turn   | Place    | Note
-------+----------+-------------------------------------------
     0 | D:1      | Naow the Deep Elf Conjurer began the quest for the Orb.
     0 | D:1      | Reached XP level 1. HP: 10/10 MP: 6/6
   290 | D:1      | Found a shimmering altar of Xom.
   292 | D:1      | Found a sparkling altar of Nemelex Xobeh.
   292 | D:1      | Found a shimmering altar of Xom.
   304 | D:1      | Found a shadowy altar of Dithmenos.
   304 | D:1      | Found a burning altar of Makhleb.
   304 | D:1      | Found a basalt altar of Yredelemnul.
   359 | D:1      | Reached XP level 2. HP: 15/15 MP: 4/8
   363 | D:1      | Learned a level 2 spell: Searing Ray
   892 | D:1      | Reached skill level 5 in Conjurations
   984 | D:2      | Reached XP level 3. HP: 19/19 MP: 8/10
  1057 | D:2      | Noticed Jessica
  1081 | D:2      | Killed Jessica
  1231 | D:2      | Reached XP level 4. HP: 24/24 MP: 9/12
  1512 | D:2      | Found an iron altar of Okawaru.
  2024 | D:2      | Reached XP level 5. HP: 28/28 MP: 4/14
  2803 | D:3      | Found a faded altar of an unknown god.
  2820 | D:3      | Reached skill level 5 in Spellcasting
  3155 | D:3      | Found a blossoming altar of Fedhas.
  3257 | D:3      | Learned a level 5 spell: Iskenderun's Battlesphere
  3262 | D:3      | Learned a level 4 spell: Iskenderun's Mystic Blast
  3633 | D:4      | Noticed Duvessa
  3637 | D:4      | Noticed Dowan
  3640 | D:4      | Killed Duvessa
  3640 | D:4      | Reached skill level 1 in Shields
  3640 | D:4      | Reached skill level 1 in Charms
  3640 | D:4      | Reached XP level 6. HP: 32/32 MP: 7/16
  3725 | D:4      | Killed Dowan
  4609 | D:4      | Reached XP level 7. HP: 36/36 MP: 13/18
  4799 | D:4      | Found a runed door.
  5115 | D:4      | Noticed Crazy Yiuf
  5118 | D:4      | Killed Crazy Yiuf
  5230 | D:5      | Entered Level 5 of the Dungeon
  5346 | D:5      | Found a sparkling altar of Nemelex Xobeh.
  5370 | D:5      | Found a staircase to the Ecumenical Temple.
  5382 | Temple   | Entered the Ecumenical Temple
  5399 | Temple   | Became a worshipper of Vehumet
  5667 | D:5      | Learned a level 4 spell: Fulminant Prism
  6250 | D:5      | Reached * piety under Vehumet
  6250 | D:5      | Offered knowledge of Sting by Vehumet.
  6335 | D:6      | Reached XP level 8. HP: 34/41 MP: 15/20
  6470 | D:6      | Found Ahen's General Store.
  6521 | D:6      | Reached skill level 5 in Charms
  6563 | D:6      | Noticed Blork the orc
  6571 | D:6      | Killed Blork the orc
  6843 | D:6      | Noticed Grinder
  6866 | D:6      | Killed Grinder
  8256 | D:7      | Found a snail-covered altar of Cheibriados.
  8256 | D:7      | Found a burning altar of Makhleb.
  8284 | D:7      | Reached XP level 9. HP: 43/45 MP: 18/23
  8514 | D:7      | Offered knowledge of Flame Tongue by Vehumet.
  8783 | D:8      | Noticed a queen bee
  8993 | D:7      | Killed a queen bee
  8993 | D:7      | Reached ** piety under Vehumet
  8995 | D:7      | Slain by a killer bee

Skill      XL: |  1  2  3  4  5  6  7  8  9 |
---------------+----------------------------+-----
Conjurations   | 5 6 7 8 9 |  9.2
Spellcasting   | 4 5 6 7 8 9 |  9.2
Shields        | 1 2 4 |  4.4
Charms         | 1 3 4 6 7 |  7.6
Dodging        | |  2.4
Stealth        | |  2.4

Action                   |  1- 3 |  4- 6 |  7- 9 || total
-------------------------+-------+-------+-------++-------
Melee: Dagger            |       |     3 |       ||     3
 Cast: Magic Dart        |    60 |   118 |   133 ||   311
       Searing Ray       |     2 |    16 |    34 ||    52
       Iskenderun's Myst |       |     2 |    12 ||    14
       Iskenderun's Batt |       |       |     2 ||     2
  Use: Scroll            |       |     5 |       ||     5
  Eat: Chunk             |     1 |    20 |    15 ||    36
Armor: Robe              |     1 |     7 |    10 ||    18
Dodge: Dodged            |    10 |    38 |    30 ||    78
